 Dungeon Crawl Stone Soup version 0.17-a0-903-g49d4bbf (webtiles) character file.

26 FedoraBrony69 the Conjurer (level 2, -2/15 HPs)
             Began as a Deep Elf Conjurer on May 2, 2015.
             Slain by a goblin
             ... wielding a +0 dagger
             ... led by Robin
              (5 damage)
             ... on level 2 of the Dungeon.
             The game lasted 00:01:47 (955 turns).

FedoraBrony69 the Conjurer (Deep Elf Conjurer)       Turns: 955, Time: 00:01:47

Health: -2/15      AC:  1    Str:  5    XL:     2   Next: 89%
Magic:  1/8        EV: 13    Int: 19    God:
Gold:   42         SH:  0    Dex: 15    Spells: 1 memorised, 7 levels left

rFire  . . .     SeeInvis .     t - +0 spear
rCold  . . .     Clarity  .     a - +0 robe
rNeg   . . .     SustAb   .     (no shield)
rPois  .         Gourm    .     n - +1 helmet
rElec  .         Spirit   .     (no cloak)
rCorr  .         Warding  .     (no gloves)
rMut   .         Stasis   .     (no boots)
MR     .....                    (no amulet)
Stlth  ++........               (no ring)
                                g - -3 ring of protection (curse)

@: very slightly contaminated, not resistant to hostile enchantments, unstealthy
A: no striking features
a: no special abilities


You were on level 2 of the Dungeon.
You were not hungry.

You visited 1 branch of the dungeon, and saw 2 of its levels.

You collected 42 gold pieces.

Inventory:

Hand weapons
 k - a +0 short sword
 t - a +0 spear (weapon)
Armour
 a - a +0 robe (worn)
 n - a +1 helmet (worn)
Jewellery
 g - a cursed -3 ring of protection (left hand)
 r - a cursed ring of teleportation {unknown}
Scrolls
 d - 2 scrolls of identify {unknown}
 h - a scroll of random uselessness {unknown}
 i - 2 scrolls of teleportation {unknown}
 m - a scroll of remove curse {unknown}
 s - 3 scrolls of amnesia {unknown}
Potions
 e - a potion of might {unknown}
 j - a potion of flight {unknown}
 l - a potion of curing {unknown}
 q - a potion of poison {unknown}
Books
 b - a book of Conjurations

   Spells                             Type                      Level
   a - Magic Dart                     Conjuration                  1
   b - Searing Ray                    Conjuration                  2
   c - Dazzling Spray                 Conjuration/Hexes            3
   d - Fulminant Prism                Conjuration/Hexes            4
   e - Iskenderun's Mystic Blast      Conjuration                  4
   f - Iskenderun's Battlesphere      Conjuration/Charms           5
Comestibles
 c - a bread ration
 f - a beef jerky
 o - 2 meat rations
 p - a royal jelly
 u - 3 chunks of flesh


   Skills:
 - Level 2.4 Dodging
 - Level 2.4 Stealth
 + Level 3.9 Spellcasting
 + Level 5.0 Conjurations


You had 7 spell levels left.
You knew the following spells:

 Your Spells              Type           Power        Failure   Level  Hunger
a - Magic Dart            Conj           ###.         1%          1    None


Dungeon Overview and Level Annotations

Branches:
Dungeon (2/15)

Altars:
Okawaru
Zin

Annotations:
D:2 Ijyb, Robin


Message History

Aim: a goblin (lightly wounded, consumed by blood-lust)
The magic dart hits the goblin.
The goblin is heavily wounded.
The goblin shouts!
The goblin moves out of view.
The goblin misses you. The goblin hits you but does no damage.
The goblin hits you.
A rat comes into view.
Casting: Magic Dart
Confirm with . or Enter, or press ? or * to list all spells.
You don't have enough magic to cast that spell.
Casting: Magic Dart
Confirm with . or Enter, or press ? or * to list all spells.
You don't have enough magic to cast that spell.
The goblin closely misses you. The goblin hits you.
* * * LOW HITPOINT WARNING * * *
A jackal comes into view.
The jackal barks!
The goblin hits you with a dagger.
You die...

#........# ####...##....#.#.+
#........####......##...##.###
#....รท.............###..##.#
#.........h........+....##.#
#.....h............##...# .
#............#####(##...##
#............#####.....>.+
#............#.....#######
#########....@g.####
####..ggKg# #....#)# #....#.#
#....#.K #....###. ....... gg
.......# .r .......# .


You could see Robin, 2 jackals, 3 goblins and a kobold.

Vanquished Creatures
  A worm (D:2)
  A giant gecko (D:1)
  A ball python (D:1)
  3 bats
  2 giant cockroaches (D:1)
  3 hobgoblins
  A giant newt (D:1)
  4 goblins
  2 kobolds (D:1)
  3 rats
21 creatures vanquished.

Notes
Turn   | Place    | Note
--------------------------------------------------------------
     0 | D:1      | FedoraBrony69, the Deep Elf Conjurer, began the quest for the Orb.
     0 | D:1      | Reached XP level 1. HP: 10/10 MP: 6/6
   189 | D:1      | Reached XP level 2. HP: 13/15 MP: 2/8
   773 | D:2      | Found an iron altar of Okawaru.
   774 | D:2      | Found a glowing silver altar of Zin.
   824 | D:2      | Reached skill level 5 in Conjurations
   945 | D:2      | Noticed Robin
   950 | D:2      | Noticed Ijyb
   955 | D:2      | Slain by a goblin

Action                   || total
-------------------------++-------
 Cast: Magic Dart        ||    46
